 Dungeon Crawl Stone Soup version 0.31.0-11-ge490571c62 (webtiles) character file.

Game seed: 10632354740588437624

500 cdecastro the Arsonist (level 6, -6/32 HPs)
             Began as a Deep Elf Fire Elementalist on Jan 26, 2024.
             Was a Follower of Makhleb.
             Mangled by Duvessa
             ... wielding a +0 rapier
              (17 damage)
             ... on level 4 of the Dungeon.
             The game lasted 00:10:11 (5499 turns).

cdecastro the Arsonist (Deep Elf Fire Elementalist) Turns: 5499, Time: 00:10:11

Health: -6/32      AC:  5    Str:  5    XL:     6   Next: 94%
Magic:  10/15      EV: 12    Int: 25    God:    Makhleb [*.....]
Gold:   266        SH:  0    Dex: 15    Spells: 5/14 levels left

rFire   . . .        x - +2 dagger (protect)
rCold   . . .        (no shield)
rNeg    . . .        a - +0 robe
rPois   .            k - +1 helmet {Int+3}
rElec   .            (no cloak)
rCorr   .            t - +0 pair of gloves
SInv    .            (no boots)
Will    .....        (no amulet)
Stlth   ++           (no ring)
HPRegen 0.25/turn    (no ring)
MPRegen 0.14/turn

%: no passive effects
@: no status effects
A: no striking features
a: Renounce Religion


You were on level 4 of the Dungeon.
You worshipped Makhleb.
Makhleb was aware of your devotion.
You visited 1 branch of the dungeon, and saw 4 of its levels.

You collected 266 gold pieces.

Inventory:

Hand Weapons
 x - a +2 dagger of protection (weapon)
Missiles
 p - 2 throwing nets
Armour
 a - a +0 robe (worn)
 k - a +1 helmet of intelligence (worn)
 t - a +0 pair of gloves (worn)
 v - a +4 ring mail
Magical Staves
 A - a staff of conjuration
Jewellery
 z - an amulet of the acrobat
Wands
 y - a wand of roots (8)
Scrolls
 c - 2 scrolls of immolation {unknown}
 d - 7 scrolls of identify {unknown}
 e - 3 scrolls of teleportation {unknown}
 f - a scroll of silence {unknown}
 i - a scroll of poison {unknown}
 o - a scroll of amnesia {unknown}
 q - a scroll of fear {unknown}
 w - a scroll of vulnerability {unknown}
Potions
 b - a potion of magic
 g - 2 potions of brilliance {unknown}
 h - a potion of might {unknown}
 j - 3 potions of curing {unknown}
 l - 2 potions of haste {unknown}
 m - a potion of attraction {unknown}
 n - 2 potions of lignification {unknown}
 r - a potion of enlightenment {unknown}
 s - 3 potions of degeneration {unknown}
 u - a potion of heal wounds {unknown}
 B - 2 potions of mutation {unknown}


   Skills:
 - Level 2.4 Dodging
 - Level 2.4 Stealth
 + Level 4.7 Spellcasting
 - Level 1.7 Conjurations
 - Level 8.0 Fire Magic


You had 5 spell levels left.
You knew the following spells:

 Your Spells              Type           Power      Damage    Failure   Level
a - Foxfire               Conj/Fire      100%       2x1d9     1%          1
b - Scorch                Fire           90%        2d8       1%          2
c - Inner Flame           Hex/Fire       25%        N/A       4%          3
d - Volatile Blastmotes   Fire/Tloc      50%        2d14      4%          3

Your spell library contained the following spells:

 Spells                   Type           Power      Damage    Failure   Level
 Apportation              Tloc           10%        N/A       9%          1
 Flame Wave               Conj/Fire      30%        2d9       12%         4
 Jinxbite                 Hex            10%        N/A       13%         2
 Alistair's Intoxication  Alch           3%         N/A       93%         5


Dungeon Overview and Level Annotations

Branches:
Dungeon (4/15)             Temple (0/1) D:4

Altars:
Ashenzari
Elyvilon
Makhleb
Qazlal
Zin
The Shining One

Annotations:
D:4 Duvessa


Message History

There is an open door here.
Items here: )) รทรทรท.
There is an open door here.
Duvessa is nearby!
Duvessa is nearby!
Okay, then.
Unknown command.
Unknown command.
Casting: Scorch (safe; 1% risk of failure)
Confirm with . or Enter, or press ? or * to list all spells.
A cloud of volatile blastmotes flares up around you!
Run!
Duvessa shouts!
Duvessa goes berserk!
Duvessa rages.
Unknown command.
The cloud of blastmotes explodes!
The concussive blast engulfs Duvessa!!
Duvessa is moderately wounded.
Aiming: Fastroot
Press: ? - help, Shift-Dir - straight line, f - Duvessa
Aim: Duvessa, wielding a +0 rapier and wearing a +0 scale mail of positive energy (moderately wounded, berserk)
The roots erupt in riotous growth!
Roots grab Duvessa.
The grasping roots constrict Duvessa.
Duvessa hits you with a +0 rapier!
Unknown command.
Unknown command.
The grasping roots constrict Duvessa.
The roots release their grip on Duvessa.
Duvessa rages.
Duvessa hits you with a +0 rapier!
* * * LOW HITPOINT WARNING * * *
Okay, then.
Unknown command.
Unknown command.
Casting: Volatile Blastmotes (dangerous; 4% risk of failure)
Confirm with . or Enter, or press ? or * to list all spells.
Flames lash Duvessa.
Duvessa is severely wounded.
Duvessa's fire resistance burns away.
Duvessa hits you with a +0 rapier!
Ouch! That really hurt!
You die...

#............# #.........
#..#########.# #####.########
.....# #.# #......# #...## #.#
#.###..# #...#### #.# #.###..#
#......# #.# #.#....#
######.#####.# #.#....#
....##.....#.#######.#....######.
###.##..........@e.............>.
##....#.#.#.#######.#....#.##...
##.^##.#.#.#.#######.#....#.# .P
..........................#.###.
.#######.###########......#.P#.
.# #.......# #......#... >. .#
#.......# ####...#.P#... .#
#.......# ##..#.###.# .#
#.......# #..#.#


P.P You could see Duvessa (berserk, combustible).

Vanquished Creatures
  A black bear (D:3)
  A scorpion (D:4)
  Dowan (D:4)
  A bombardier beetle (D:2)
  2 orc priests (D:3)
  Ijyb (D:3)
  Robin (D:3)
  4 gnolls (D:2)
  3 adders
  3 ribbon worms
  3 dart slugs
  2 orcs (D:3)
  4 endoplasms
  4 giant cockroaches
  21 goblins
  17 hobgoblins
  6 kobolds
  2 quokkas (D:1)
  4 ball pythons
  4 bats
  4 frilled lizards
  10 rats
99 creatures vanquished.

Vanquished Creatures (others)
  298 foxfires
298 creatures vanquished.

Grand Total: 397 creatures vanquished

Notes
Turn   | Place    | Note
-------+----------+-------------------------------------------
     0 | D:1      | cdecastro the Deep Elf Fire Elementalist began the quest
                  | for the Orb.
     0 | D:1      | Reached XP level 1. HP: 10/10 MP: 6/6
   241 | D:1      | Reached XP level 2. HP: 15/15 MP: 5/8
   287 | D:1      | Reached skill level 4 in Fire Magic
   747 | D:1      | Learned a level 2 spell: Scorch
   862 | D:1      | Reached XP level 3. HP: 19/19 MP: 7/9
  1274 | D:2      | Reached skill level 5 in Fire Magic
  1386 | D:2      | Reached XP level 4. HP: 24/24 MP: 4/10
  1766 | D:2      | Reached skill level 6 in Fire Magic
  2029 | D:2      | You fall into a shaft and drop 1 floor!
  2076 | D:3      | Noticed Robin
  2135 | D:4      | Noticed a scorpion
  2148 | D:4      | Killed a scorpion
  2149 | D:4      | Reached XP level 5. HP: 28/28 MP: 4/11
  2276 | D:4      | Noticed Duvessa
  2537 | D:4      | Found a broken altar of Ashenzari.
  2786 | D:4      | Found a staircase to the Ecumenical Temple.
  2856 | D:4      | Noticed Dowan
  2887 | D:4      | Killed Dowan
  2888 | D:4      | Reached skill level 7 in Fire Magic
  2960 | D:4      | Learned a level 3 spell: Inner Flame
  2964 | D:4      | Learned a level 3 spell: Volatile Blastmotes
  3650 | D:3      | Reached XP level 6. HP: 32/32 MP: 9/12
  3662 | D:3      | Noticed Ijyb
  3667 | D:3      | Killed Ijyb
  3736 | D:3      | Killed Robin
  4329 | D:3      | Reached skill level 8 in Fire Magic
  4642 | D:3      | Found a glowing golden altar of the Shining One.
  4642 | D:3      | Found a white marble altar of Elyvilon.
  4650 | D:3      | Found a stormy altar of Qazlal.
  4652 | D:3      | Found a glowing silver altar of Zin.
  4719 | D:3      | Found a faded altar of an unknown god.
  4862 | D:3      | Prayed at the altar of an unknown god.
  4862 | D:3      | Became a worshipper of Makhleb the Destroyer
  4862 | D:3      | Reached * piety under Makhleb
  5499 | D:4      | Mangled by Duvessa

Illustrated notes

Levels and vault maps discovered:
D:1:      dpeg_arrival_stone_temple_mockup, layout_basic,
          nicolae_concentric_dashed_squares_wild, minmay_heptomino_h4
D:2:      layout_basic
D:3:      layout_loops_ring, chequers_temple_overflow_minitemple,
          chequers_serial_rivers_room_b, minivault_27, grunt_decor_one_mirror,
          uniq_robin, uniq_ijyb
D:4:      cheibrodos_greedy_goblins, layout_basic, nicolae_ashenzari_panopticon,
          minmay_temple_entry_gardened_gates, uniq_duvessa

Skill      XL: |  1  2  3  4  5  6 |
---------------+-------------------+-----
Fire Magic     | 4 5 6 7 8 |  8.0
Spellcasting   | 4 |  4.7
Dodging        | |  2.4
Stealth        | |  2.4
Conjurations   | |  1.7

Action                     |  1- 3 |  4- 6 || total
---------------------------+-------+-------++-------
  Melee: Dagger            |       |     1 ||     1
   Cast: Foxfire           |    72 |   109 ||   181
         Scorch            |     1 |    25 ||    26
         Volatile Blastmot |       |     1 ||     1
  Evoke: Wand              |       |     1 ||     1
 Armour: Robe              |     4 |    17 ||    21
  Dodge: Dodged            |     4 |    13 ||    17
